 Dungeon Crawl Stone Soup version 0.22-a0-32-ga749362 (webtiles) character file.

680708 Gorice the Executioner (level 27, -72/230 HPs)
             Began as a Hill Orc Fighter on Jan 1, 2018.
             Was the Champion of Beogh.
             Killed from afar by Hopsuase the pandemonium lord (84 damage)
             ... with a great icy blast
             ... on level 8 of the Dungeon on Jan 3, 2018.
             The game lasted 07:02:10 (79792 turns).

Gorice the Executioner (Hill Orc Fighter)          Turns: 79792, Time: 07:02:11

Health: -72/230    AC: 50    Str: 25    XL:     27
Magic:  33/39      EV: 11    Int: 11    God:    Beogh [******]
Gold:   7963       SH:  0    Dex: 12    Spells: 30/42 levels left

rFire    + . .     SeeInvis +   a - +9 battleaxe (vamp)
rCold    + . .     Gourm    .   (shield currently unavailable)
rNeg     . . .     Faith    .   g - +13 crystal plate armour
rPois    +         Spirit   .   U - +3 crown of Dyrovepreva {rElec Int+2 SInv}
rElec    +         Reflect  .   O - +2 cloak
rCorr    .         Harm     .   e - +0 pair of gloves
MR       +++..                  w - +2 pair of boots {run}
Stlth    ..........             V - amulet of Ecrof {Regen+ Str+4}
HPRegen  1.28/turn              p - +4 ring of protection
MPRegen  0.26/turn              h - ring "Dodegg Jomogh" {rPois rF+ rC+ MR+ SInv}

@: frozen, studying Air Magic, recalling, drained, slow
A: walk on water, deformed body, dopey 2, frail 1, regeneration 1, weak 2,
evolution 1, MP-powered wands
0: Orb of Zot
}: 4/15 runes: decaying, slimy, silver, gossamer
a: Smiting, Stop Recall, Give Item to Named Follower, Resurrection, Renounce
Religion


You were on level 8 of the Dungeon.
You worshipped Beogh.
Beogh was exalted by your worship.
You were not hungry.

You visited 12 branches of the dungeon, and saw 57 of its levels.
You also visited: Bailey, Ice Cave and Wizlab.

You collected 9266 gold pieces.
You spent 1303 gold pieces at shops.

Inventory:

Hand Weapons
 a - a +9 vampiric battleaxe (weapon)
   (You subdued it on level 1 of the Elven Halls)
 b - a +7 executioner's axe of flaming
   (You subdued it on level 2 of the Elven Halls)
 B - a +3 blowgun
Missiles
 m - 3 curare-tipped needles
 J - 11 javelins (quivered)
 Z - 6 throwing nets
Armour
 e - a +0 pair of gloves (worn)
 g - a +13 crystal plate armour (worn)
 w - a +2 pair of boots of running (worn)
   (You found it on level 6 of the Dungeon)
 O - a +2 cloak (worn)
 U - the +3 crown of Dyrovepreva (worn) {rElec Int+2 SInv}
   (You bought it in a shop on level 2 of the Orcish Mines)

   It affects your intelligence (+2).
   It insulates you from electricity.
   It lets you see invisible.
Jewellery
 h - the ring "Dodegg Jomogh" (right hand) {rPois rF+ rC+ MR+ SInv}
   (You took it off a deep elf archer on level 3 of the Elven Halls)

   [ring of protection from cold]

   It protects you from fire.
   It protects you from cold.
   It protects you from poison.
   It affects your resistance to hostile enchantments.
   It lets you see invisible.
 j - the ring of Sloth {rF+ Dex+3}
   (You took it off a yaktaur on level 4 of the Depths)

   [ring of dexterity]

   It affects your dexterity (+3).
   It protects you from fire.
 n - an uncursed ring of positive energy
 p - a +4 ring of protection (left hand)
 C - the ring "Oroul" {rCorr rElec}
   (You found it on level 5 of the Pits of Slime)

   [ring of resist corrosion]

   It insulates you from electricity.
 I - the ring of Morality {rPois rC+ MR+ Stlth-}
   (You bought it in a shop on level 6 of the Dungeon)

   [ring of loudness]

   It protects you from cold.
   It protects you from poison.
   It affects your resistance to hostile enchantments.
   It makes you less stealthy.
 V - the amulet of Ecrof (around neck) {Regen+ Str+4}
   (You took it off a deep elf high priest on level 3 of the Elven Halls)

   [amulet of regeneration]

   It affects your strength (+4).
   It increases your rate of regeneration.
Wands
 v - a wand of digging (44)
 E - a wand of scattershot (4)
 M - a wand of iceblast (22)
 Q - a wand of acid (45)
 R - a wand of disintegration (4)
 S - a wand of clouds (19)
Scrolls
 l - 35 scrolls of remove curse
 q - 2 scrolls of summoning {!r}
 s - 4 scrolls of magic mapping {!r}
 y - 24 scrolls of teleportation {!r}
 A - 11 scrolls of fear {!r}
 D - 26 scrolls of identify
 G - 5 scrolls of fog
 K - 3 scrolls of enchant weapon
 L - 5 scrolls of blinking
Potions
 c - 8 potions of mutation {!q}
 d - 20 potions of curing
 o - 4 potions of agility {!q}
 r - 2 potions of haste {!q}
 t - 6 potions of berserk rage
 u - 6 potions of invisibility {!q}
 z - a potion of might {!q}
 F - 3 potions of cancellation {!q}
 N - 7 potions of heal wounds {!q}
 P - 3 potions of resistance {!q}
 T - a potion of ambrosia
Books
 k - a manual of Air Magic {!d}
 W - a book of the Sky
Miscellaneous
 f - a phantom mirror
 H - 3 boxes of beasts
Comestibles
 i - 91 rations


   Skills:
 - Level 22.8(22.0) Fighting
 - Level 26.0(25.1) Axes
 - Level 10.0(9.3) Throwing
 - Level 22.0(21.1) Armour
 - Level 12.0(11.3) Dodging
 - Level 0.2(0.0) Stealth
   Level 3.2(2.7) Shields
 - Level 8.0(7.3) Spellcasting
 - Level 10.0(9.3) Hexes
 - Level 10.0(9.4) Charms
 - Level 11.0(10.3) Summonings
 - Level 11.0(10.3) Translocations
 * Level 25.3(24.4) Invocations
 - Level 12.0(11.3) Evocations


You had 30 spell levels left.
You knew the following spells:

 Your Spells              Type           Power        Failure   Level  Hunger
w - Spectral Weapon       Hex/Chrm       ###.....     14%         3    ###....
A - Apportation           Tloc           ####..       3%          1    None
B - Summon Butterflies    Summ           ####....     3%          1    None
J - Blink                 Tloc           N/A          4%          2    #......
R - Regeneration          Chrm/Necr      ##........   67%         3    ###....
S - Swiftness             Chrm/Air       ##......     43%         2    #......


Dungeon Overview and Level Annotations

Branches:
Dungeon (15/15)            Temple (1/1) D:5            Lair (6/6) D:9
  Swamp (4/4) Lair:2       Spider (4/4) Lair:3        Slime (5/5) Lair:6
    Orc (2/2) D:12            Elf (3/3) Orc:2        Vaults (5/5) D:13
  Crypt (2/3) Vaults:3     Depths (5/5) D:15            Zot (5/5) Depths:5

Altars:
Ashenzari
Cheibriados
Dithmenos
Elyvilon
Fedhas
Gozag
Hepliaklqana
Kikubaaqudgha
Makhleb
Nemelex Xobeh
Okawaru
Qazlal
Ru
Sif Muna
Trog
Uskayaw
Vehumet
Wu Jian
Xom
Yredelemnul
Zin
The Shining One
Jiyva

Shops:
D:4 *   D:6 =   D:10 %   D:13 }   Orc:1 =   Orc:2 *?}[   Vaults:1 *
Vaults:4 :   Vaults:5 [[

Portals:
Hell: Depths:1 Depths:2 Depths:3 Depths:4 Depths:5
Abyss: Depths:5
Pandemonium: Depths:1 Depths:3 Depths:4
Ziggurat: Depths:5

Annotations:
Zot:4 1 transporter, exclusion: obsidian statue


Innate Abilities, Weirdness & Mutations

You can walk on water.
Armour fits poorly on your strangely shaped body.
You are very dopey. (Int -4)
You are frail. (-10% HP)
Your natural rate of healing is unusually fast.
You are very weak. (Str -4)
You evolve.
You expend magic power (3 MP) to strengthen your wands.


Message History

Hopsuase conjures a mighty blast of ice!
The great icy blast engulfs the quokka.
The quokka is frozen into a solid block of ice!
The quokka dies!
The great icy blast engulfs you! You partially resist.
* * * LOW HITPOINT WARNING * * *
You are encased in ice.
Hopsuase gestures at you.
Hopsuase conjures a mighty blast of ice!
The great icy blast engulfs you! You partially resist.
* * * LOW HITPOINT WARNING * * *
The eye of draining gazes at you.
You feel your power leaking away.
You hear a roar!
Damage: 124 (max 124) Unknown command.
Unknown command.
You begin recalling your allies.
You are engulfed in freezing vapours.
You resist.
* * * LOW HITPOINT WARNING * * *
Wargath is recalled.
Herok is recalled.
Damage: 3 (max 124) Unknown command.
You swap places.
You are engulfed in freezing vapours.
You resist.
Ogrik is recalled.
Jorge is recalled.
Thorok is recalled.
Hopsuase is engulfed in freezing vapours.
Hopsuase gestures at you.
Hopsuase conjures a mighty blast of ice!
The great icy blast engulfs Herok.
Herok is flash-frozen.
The great icy blast engulfs Wargath.
Wargath is flash-frozen.
The great icy blast engulfs you! You partially resist.
* * * LOW HITPOINT WARNING * * *
The great icy blast engulfs Ogrik.
Ogrik is flash-frozen.
The great icy blast engulfs Jorge.
Jorge is flash-frozen.
The great icy blast engulfs Thorok.
Thorok is flash-frozen.
Hopsuase is engulfed in freezing vapours.
Hopsuase gestures at you.
Hopsuase conjures a mighty blast of ice!
The great icy blast engulfs Herok.
Herok dies!
The great icy blast engulfs Wargath.
Wargath is frozen into a solid block of ice!
Wargath dies!
The great icy blast engulfs you! You partially resist.
You die...

#####.###########################
.......o.o.oooooo.......o........
#####.###########################
#o# #####o#
#...#.###########################
"................................
#...#.##.....§################...
'......'.....&§8@ooo.......>##...
#...#.##....G8############...#...
###.#.##......# #.......
#.#.##......# #.....#'
###.#.##......# #.....#.
.##.#.##......# #########.#..#.
.##.#.##......# #.........#..#.
.##.#§##§§....#####.........#..#.
.....§4§§§.......................


You could see Hopsuase, an eye of draining, the friendly Jorge the orc knight,
the friendly Ogrik the orc knight and the friendly Thorok the orc knight.

Vanquished Creatures
  the Royal Jelly (Slime:5)
  Mennas (Depths:1)
  4 ancient liches
  2 pandemonium lords
  3 orbs of fire
  Mara (Elf:2)
  Sojobo (Depths:4)
  A juggernaut (Depths:4)
  Boris (Depths:2)
  3 Killer Klowns
  2 curse toes (Zot:4)
  2 caustic shrikes
  A large abomination (Depths:5)
  A bone dragon (Depths:5)
  7 golden dragons
  6 electric golems
  19 tentacled monstrosities
  6 titans
  27 Orb Guardians
  Asterion (Vaults:3)
  8 quicksilver dragons
  A deep elf master archer (Elf:3)
  15 acid blobs
  2 deep elf blademasters (Elf:3)
  3 death cobs
  An eldritch tentacle (Vaults:2)
  The ghost of Nattefrost the Polluter, an adept DrVM of Sif Muna (Elf:1)
  9 shadow dragons
  2 ancient champions
  2 sphinxes
  4 thorn hunters (Swamp:4)
  Kirke (Elf:1)
  12 storm dragons
  5 tengu reavers
  7 azure jellies
  7 frost giants
  5 draconian monks
  6 ghost moths
  Aizul (Depths:4)
  3 draconian scorchers
  12 fire giants
  4 deep elf sorcerers
  A draconian knight (Zot:2)
  6 iron dragons
  12 emperor scorpions
  2 orc warlords (Depths:2)
  16 vault wardens
  5 curse skulls
  4 ghouls
  A caustic shrike zombie (Crypt:1)
  2 draconian stormcallers
  The ghost of Lavandula the Thaumaturge, a journeyman DENe (Depths:2)
  24 stone giants
  A deep elf elementalist (Elf:3)
  4 draconian annihilators
  2 draconian shifters (Zot:2)
  2 spriggan defenders (Depths:4)
  4 entropy weavers
  A war gargoyle (Zot:2)
  16 ironheart preservers
  15 very ugly things
  6 vampire knights
  12 black draconians
  9 deep elf demonologists
  7 red draconians
  8 purple draconians
  13 spark wasps
  7 deep elf annihilators
  4 yellow draconians
  4 green draconians
  An eidolon (Crypt:2)
  6 white draconians
  15 ettins
  7 deep elf death magi
  A crystal guardian (Vaults:3)
  9 death oozes
  6 deep elf high priests
  9 jiangshi
  18 fire dragons
  16 great orbs of eyes
  10 yaktaur captains
  13 ogre magi
  4 rakshasas
  Fannar (Lair:3)
  2 ghost crabs
  3 hell beasts
  26 hydras
  12 ice dragons
  5 spriggan air magi
  28 vault guards
  2 catoblepae
  6 centaur warriors
  5 alligators
  9 death yaks
  4 death knights
  27 dancing weapons
  11 deep troll earth magi
  8 deep troll shamans
  30 two-headed ogres
  9 spriggan berserkers
  3 tengu warriors
  4 vampire magi
  A shock serpent (shapeshifter) (Vaults:5)
  19 deep elf knights
  2 orc high priests
  6 shock serpents
  6 spriggans
  A sun demon (Depths:4)
  21 hell knights
  6 soul eaters
  An iron troll (Depths:1)
  10 shadow wraiths
  2 sixfirhies (Zot:2)
  25 skeletal warriors
  A sea snake (shapeshifter) (Vaults:5)
  22 deep trolls
  An unseen horror (shapeshifter) (Elf:2)
  A spriggan druid (Swamp:4)
  8 swamp dragons
  5 flayed ghosts
  10 unseen horrors
  3 shambling mangroves
  6 wizards
  5 glowing orange brains
  11 ironbrand convokers
  A lindwurm (shapeshifter) (Depths:4)
  A golden dragon skeleton (Crypt:2)
  10 phantasmal warriors
  7 orc knights
  11 deep elf archers
  A wolf spider zombie (Crypt:1)
  12 necromancers
  An orange crystal statue (Elf:1)
  A tengu skeleton (Vaults:5)
  40 wolf spiders
  4 harpies (Vaults:4)
  26 ugly things
  A shadow dragon skeleton (Vaults:3)
  A wolf spider (shapeshifter) (Vaults:4)
  3 manticores
  21 moths of wrath
  28 orb spiders
  2 orc sorcerers
  5 shining eyes
  47 deep elf magi
  4 salamanders
  2 frost giant zombies
  2 moths of wrath (shapeshifter)
  6 cyclopes
  A fire giant skeleton (Vaults:4)
  8 elephants
  4 centaur zombies
  2 ice statues
  11 apocalypse crabs (Depths:3)
  15 vault sentinels
  A rust devil (Zot:5)
  A naga mage (Vaults:2)
  A stone giant skeleton (Depths:1)
  An eye of devastation (Slime:2)
  An orange demon (Depths:4)
  7 black mambas
  16 spiny frogs
  3 torpor snails
  2 gargoyles
  4 smoke demons
  A tormentor (Depths:4)
  2 centaur skeletons
  12 demonic crawlers
  4 human zombies
  An ice devil (Zot:1)
  45 yaktaurs
  5 rime drakes
  10 freezing wraiths
  10 komodo dragons
  A kobold demonologist (D:12)
  9 trolls
  7 hellwings
  2 red devils
  32 jumping spiders
  20 polar bears
  A troll (shapeshifter) (Depths:1)
  9 tyrant leeches
  17 hornets
  110 slime creatures
  A moth of wrath zombie (Crypt:2)
  A jumping spider zombie (Crypt:2)
  A minotaur skeleton (Crypt:1)
  A blink frog (shapeshifter) (Vaults:2)
  5 human simulacra
  A death drake skeleton (Crypt:1)
  A raiju (shapeshifter) (Vaults:3)
  4 blink frogs
  3 hippogriffs
  A hippogriff (shapeshifter) (Vaults:4)
  7 bog bodies
  2 raiju (Zot:2)
  A flying skull (Vaults:3)
  A spriggan (shapeshifter) (Vaults:4)
  61 redbacks
  Sigmund (D:5)
  9 air elementals
  32 tarantellas
  6 shadows
  10 wraiths
  13 water elementals
  5 wyverns
  4 vampires
  A human (shapeshifter) (Vaults:3)
  4 ynoxinuls
  A human (D:7)
  2 basilisks
  2 fire elementals (Elf:1)
  5 hogs
  36 yaks
  2 chaos spawn
  22 vampire mosquitoes
  6 hungry ghosts
  15 swamp worms
  A deep troll zombie (Vaults:4)
  4 two-headed ogre zombies (WizLab)
  5 insubstantial wisps
  3 spatial vortices
  A warg (Orc:1)
  7 porcupines
  Duvessa (D:5)
  An acid dragon (D:15)
  2 floating eyes (shapeshifter)
  7 water moccasins
  14 swamp drakes
  6 orc warriors
  2 ice beasts (shapeshifter) (Vaults:4)
  4 sky beasts
  8 eyes of draining
  3 hornet zombies
  A deep troll simulacrum (Depths:1)
  5 ice beasts
  21 boggarts
  27 ogres
  A lindwurm zombie (Crypt:1)
  3 phantoms
  18 wolves (IceCv)
  A tengu (shapeshifter) (Vaults:5)
  24 centaurs
  5 necrophages
  10 crocodiles
  2 swamp dragon skeletons (Crypt:1)
  2 big kobolds
  A wyvern zombie (D:10)
  A gnoll sergeant (D:7)
  13 bullfrogs
  A glowing shapeshifter simulacrum (Vaults:1)
  Dowan (D:5)
  3 earth elementals
  A yaktaur skeleton (Crypt:1)
  4 wyvern skeletons
  6 scorpions
  30 killer bees
  5 howler monkeys
  8 troll zombies (WizLab)
  12 wights
  2 electric eels
  10 crimson imps
  4 quasits
  A jelly (shapeshifter) (Depths:5)
  7 hounds
  3 bullfrog skeletons
  7 orc priests
  A jelly (D:9)
  11 orc wizards
  2 iguanas
  Natasha (thrice) (D:2)
  8 worker ants
  7 lightning spires
  A killer bee zombie (D:8)
  2 ogre zombies (WizLab)
  2 demigod skeletons (Crypt:2)
  An acid dragon skeleton (Crypt:2)
  A big kobold skeleton (Crypt:1)
  3 worker ant zombies
  Robin (D:2)
  A howler monkey skeleton (D:6)
  7 gnolls
  10 adders
  A shadow imp (D:6)
  17 white imps
  An ooze (D:2)
  An adder zombie (D:5)
  3 worms
  3 leopard geckos
  26 orcs
  A ball python (D:3)
  10 giant cockroaches
  13 goblins
  12 hobgoblins
  5 jackals
  18 kobolds
  7 quokkas
  3 bats
  5 frilled lizards
  A jackal skeleton (D:3)
  A jackal zombie (Crypt:2)
  6 rats
  10 briar patches (Swamp:4)
  4 crawling corpses
  2 fungi (Lair:6)
  4 plants
2277 creatures vanquished.

Vanquished Creatures (collateral kills)
  Bai Suzhen (Vaults:3)
  A golden dragon (Depths:3)
  Rupert (D:12)
  A tentacled monstrosity (Vaults:5)
  A deep elf master archer (Elf:2)
  An acid blob (Slime:4)
  A tengu reaver (Vaults:4)
  2 shadow dragons
  2 frost giants (Depths:4)
  3 emperor scorpions
  4 ironheart preservers
  3 stone giants
  An entropy weaver (Spider:2)
  A very ugly thing (Depths:4)
  A deep elf demonologist (Elf:3)
  A black draconian (Zot:4)
  2 deep elf annihilators (Elf:3)
  A spark wasp (Spider:4)
  A fire dragon (Vaults:3)
  A crystal guardian (Vaults:3)
  3 ettins
  2 deep elf death magi (Elf:3)
  An ice dragon (Vaults:2)
  6 yaktaur captains
  7 vault guards
  A rakshasa (Depths:3)
  6 hydras
  A death knight (Crypt:2)
  3 centaur warriors
  5 ogre magi
  6 death yaks (Lair:6)
  3 catoblepae (Lair:6)
  7 two-headed ogres
  The ghost of newuser the Quickloader, a novice BaHu of Dithmenos (D:8)
  3 orc high priests (Orc:2)
  A shock serpent (Vaults:2)
  2 deep elf knights
  7 deep trolls
  3 skeletal warriors
  A titan skeleton (Vaults:5)
  A glowing orange brain (Depths:4)
  A harpy (Vaults:4)
  2 deep elf archers (Elf:3)
  A phantasmal warrior (Vaults:2)
  A flayed ghost (Depths:4)
  3 ironbrand convokers
  5 orc knights
  A golden dragon skeleton (Vaults:5)
  2 orc sorcerers
  2 necromancers
  3 deep elf magi
  8 orb spiders
  An ugly thing (Swamp:3)
  7 wolf spiders
  2 oklob plants (Lair:6)
  2 black mambas (Lair:4)
  6 elephants
  2 human skeletons
  2 vault sentinels (Vaults:3)
  5 spiny frogs
  An orange demon (Zot:5)
  A naga mage (Vaults:2)
  4 yaktaurs
  2 rime drakes (Lair:5)
  A centaur skeleton (D:11)
  2 demonic crawlers (Spider:1)
  A freezing wraith (Vaults:4)
  2 komodo dragons
  11 jumping spiders
  A queen bee (Depths:2)
  A troll (D:12)
  3 hornets
  2 blink frogs
  12 slime creatures
  A raiju (Vaults:2)
  18 redbacks
  2 hippogriffs
  An air elemental (Vaults:2)
  A spriggan (Swamp:4)
  A shadow (Swamp:2)
  2 wraiths (Crypt:2)
  A vampire (WizLab)
  A wyvern (Lair:5)
  14 yaks
  7 tarantellas
  3 vampire mosquitoes (Swamp:2)
  2 wargs (Orc:1)
  2 swamp worms
  An acid dragon (D:11)
  A water moccasin (Lair:4)
  10 orc warriors
  A porcupine (Lair:5)
  A black bear (shapeshifter) (Depths:5)
  A swamp drake (D:12)
  An eye of draining (Slime:4)
  7 ogres
  A wolf (IceCv)
  A phantom (D:11)
  2 centaurs
  A swamp dragon skeleton (Crypt:2)
  4 crocodiles
  A big kobold (D:7)
  3 bullfrogs
  2 scorpions (Spider:2)
  A troll zombie (WizLab)
  8 killer bees
  5 wights
  A howler monkey (D:9)
  A quasit (D:9)
  A jelly (D:8)
  8 orc priests
  A gnoll shaman (Orc:1)
  A hound (D:9)
  A worker ant (D:9)
  2 orc wizards
  2 lightning spires (Vaults:2)
  3 gnolls (Orc:1)
  18 orcs
  A quokka (D:9)
  2 kobolds (D:11)
  17 fungi
  6 plants (Lair:6)
373 creatures vanquished.

Vanquished Creatures (others)
  An electric golem (Zot:2)
  2 storm dragons
  2 orc warlords
  A draconian shifter (Zot:2)
  A deep elf elementalist (Elf:3)
  A yaktaur captain (Depths:4)
  6 orc high priests
  30 orc knights
  10 orc sorcerers
  A deep elf mage (Vaults:5)
  A moth of wrath (Zot:5)
  A jumping spider (Spider:4)
  2 boggarts
  37 orc warriors
  49 orc priests
  41 orc wizards
  7 ball lightnings
  88 orcs
  A quokka (D:8)
  A frilled lizard (D:4)
  9 fungi
  5 plants
297 creatures vanquished.

Grand Total: 2947 creatures vanquished

Notes
Turn   | Place    | Note
-------+----------+-------------------------------------------
     0 | D:1      | Gorice the Hill Orc Fighter began the quest for the Orb.
     0 | D:1      | Reached XP level 1. HP: 19/19 MP: 1/1
   146 | D:1      | Reached skill level 3 in Axes
   294 | D:1      | Reached XP level 2. HP: 20/26 MP: 2/2
   939 | D:1      | Reached skill level 4 in Axes
   939 | D:1      | Reached XP level 3. HP: 31/31 MP: 3/3
   975 | D:2      | Found an ornate altar of the Wu Jian Council.
   990 | D:2      | You fall through a shaft for 2 floors!
   990 | D:4      | Noticed an ogre
   999 | D:4      | Killed an ogre
   999 | D:4      | Reached skill level 5 in Axes
   999 | D:4      | Reached skill level 4 in Armour
   999 | D:4      | Reached XP level 4. HP: 35/39 MP: 4/4
   999 | D:4      | Reached XP level 5. HP: 41/45 MP: 5/5
  1037 | D:4      | Found a sparkling altar of Nemelex Xobeh.
  1136 | D:4      | Became a worshipper of Beogh the Brigand
  1139 | D:4      | Noticed an ogre
  1146 | D:4      | Reached skill level 6 in Axes
  1150 | D:4      | Killed an ogre
  1150 | D:4      | Reached XP level 6. HP: 29/51 MP: 6/6
  1257 | D:4      | Reached skill level 7 in Axes
  1257 | D:4      | Reached skill level 5 in Armour
  1657 | D:3      | Found a sacrificial altar of Ru.
  1872 | D:2      | Found a glowing golden altar of the Shining One.
  1997 | D:2      | Noticed Robin
  2011 | D:2      | Killed Robin
  2011 | D:2      | Reached * piety under Beogh
  2121 | D:2      | Noticed Natasha
  2129 | D:2      | Killed Natasha
  2129 | D:2      | Reached skill level 8 in Axes
  2129 | D:2      | Reached XP level 7. HP: 56/57 MP: 7/7
  2157 | D:2      | Found a glowing silver altar of Zin.
  2247 | D:2      | Noticed Natasha
  2249 | D:2      | Killed Natasha
  2279 | D:2      | Noticed Natasha
  2295 | D:2      | Killed Natasha
  3162 | D:4      | Reached skill level 6 in Armour
  3228 | D:4      | Reached skill level 9 in Axes
  3492 | D:4      | Found Tualitz's Elemental Accessories.
  3587 | D:5      | Entered Level 5 of the Dungeon
  3699 | D:5      | Reached ** piety under Beogh
  3856 | D:5      | Reached XP level 8. HP: 53/64 MP: 8/8
  3929 | D:5      | Noticed Dowan
  3930 | D:5      | Noticed Duvessa
  3944 | D:5      | Killed Duvessa
  3944 | D:5      | Reached skill level 10 in Axes
  3963 | D:5      | HP: 18/64 [Dowan/shard of ice (18)]
  3965 | D:5      | Killed Dowan
  4228 | D:5      | Found a staircase to the Ecumenical Temple.
  4233 | Temple   | Entered the Ecumenical Temple
  4545 | D:5      | Noticed Sigmund
  4556 | D:5      | Killed Sigmund
  4556 | D:5      | Reached skill level 7 in Armour
  4679 | D:5      | Reached skill level 11 in Axes
  4924 | D:5      | Found a shattered altar of Ashenzari.
  4979 | D:6      | Found Odeane's Jewellery Boutique.
  5065 | D:6      | Reached XP level 9. HP: 61/70 MP: 9/9
  5081 | D:6      | Identified a +2 pair of boots of running (You found it on level 6 of the Dungeon)
  5081 | D:6      | --wow +2 boots of running!
  5162 | D:6      | Reached skill level 12 in Axes
  5208 | D:6      | Reached skill level 8 in Armour
  5447 | D:6      | Found an ancient bone altar of Kikubaaqudgha.
  5568 | D:7      | Found a white marble altar of Elyvilon.
  5653 | D:7      | Paralysed by fainting for 9 turns
  5672 | D:7      | Reached skill level 13 in Axes
  5753 | D:7      | Reached *** piety under Beogh
  5887 | D:7      | Reached skill level 9 in Armour
  5953 | D:7      | Noticed a moth of wrath
  5970 | D:7      | Reached skill level 14 in Axes
  6015 | D:7      | Reached XP level 10. HP: 42/77 MP: 10/10
  6118 | D:7      | Found a hide-covered altar of Uskayaw.
  6160 | D:7      | Found a flagged portal.
  6170 | Bailey   | Entered a bailey
  6316 | Bailey   | Noticed an orc knight
  6462 | Bailey   | Noticed an orc knight
  6572 | Bailey   | Got a dazzling mace
  6590 | Bailey   | --+2 crystal plate - nice!
  6743 | D:7      | Gained Bogmar as an ally
  6967 | D:7      | Found a bloodstained altar of Trog.
  7106 | D:7      | Noticed an ice statue
  7196 | D:8      | Found a stormy altar of Qazlal.
  7323 | D:8      | Found an opulent altar of Gozag.
  7455 | D:8      | Noticed newuser's ghost (novice BaHu)
  7482 | D:8      | HP: 19/77 [killer bee (5)]
  7487 | D:8      | HP: 13/77 [poisoned by a killer bee]
  7492 | D:8      | HP: 13/77 [poisoned by a killer bee]
  7499 | D:8      | HP: 14/77 [poisoned by a killer bee]
  7505 | D:8      | HP: 15/77 [poisoned by a killer bee]
  7514 | D:8      | HP: 18/77 [poisoned by a killer bee]
  7661 | D:8      | Identified the +5 mace of Baosuc {venom, rC+ Int+2} (You found it in a bailey)
  7692 | D:8      | Reached skill level 15 in Axes
  7694 | D:8      | Noticed a two-headed ogre
  7709 | D:8      | Killed a two-headed ogre
  7709 | D:8      | Reached skill level 10 in Armour
  7756 | D:8      | Found the +5 scythe "Finisher" {speed, Str+3}
  7810 | D:7      | Gained Argrim as an ally
  7878 | D:8      | Reached **** piety under Beogh
  7902 | D:8      | Gained Herok as an ally
  8357 | D:8      | Reached skill level 16 in Axes
  8435 | D:8      | Reached skill level 1 in Invocations
  8445 | D:8      | Reached skill level 4 in Fighting
  8615 | D:8      | Killed newuser's ghost
  8615 | D:8      | Reached skill level 2 in Invocations
  8615 | D:8      | Reached XP level 11. HP: 85/85 MP: 11/13
  8621 | D:8      | Identified a scroll of acquirement
  8622 | D:8      | Got an encrusted battleaxe
  8628 | D:8      | Identified the +1 battleaxe of Vusuz {holy, *Rage Int+5} (You acquired it on level 8 of the Dungeon)
  8659 | D:9      | Reached skill level 3 in Invocations
  8692 | D:9      | Found an iron altar of Okawaru.
  8733 | D:9      | Reached skill level 11 in Armour
  8742 | D:9      | Noticed a two-headed ogre
  8751 | D:9      | Reached skill level 5 in Fighting
  8756 | D:9      | Killed a two-headed ogre
  8756 | D:9      | Reached skill level 4 in Invocations
  8990 | D:9      | Reached ***** piety under Beogh
  9240 | D:9      | Found a staircase to the Lair.
  9260 | D:9      | Reached skill level 5 in Invocations
  9378 | D:6      | Bought the ring of Morality {rPois rC+ MR+ Stlth-} for 375 gold pieces
  9378 | D:6      | Bought an uncursed ring of see invisible for 180 gold pieces
  9518 | Lair:1   | Entered Level 1 of the Lair of Beasts
  9546 | Lair:1   | Reached skill level 6 in Fighting
  9747 | Lair:1   | Reached skill level 6 in Invocations
  9780 | Lair:1   | Found a frozen archway.
  9810 | Lair:1   | Reached skill level 7 in Fighting
  9849 | IceCv    | Entered an ice cave
  9983 | IceCv    | Reached skill level 12 in Armour
  9983 | IceCv    | Reached skill level 7 in Invocations
 10019 | IceCv    | Noticed a death yak
 10046 | IceCv    | Killed a death yak
 10114 | IceCv    | Reached skill level 8 in Fighting
 10114 | IceCv    | Reached XP level 12. HP: 101/101 MP: 17/17
 10172 | IceCv    | Reached skill level 8 in Invocations
 10253 | IceCv    | Gained Bogbrand as an ally
 10487 | IceCv    | Reached skill level 9 in Fighting
 10505 | IceCv    | Reached skill level 9 in Invocations
 10528 | IceCv    | Your ally Bogbrand died
 10671 | IceCv    | Noticed a death yak
 10691 | IceCv    | Killed a death yak
 10774 | IceCv    | Reached skill level 13 in Armour
 10867 | IceCv    | Noticed a frost giant
 10896 | IceCv    | Killed a frost giant
 10896 | IceCv    | Reached skill level 10 in Invocations
 10896 | IceCv    | Gained Bogbarth as an ally
 10898 | IceCv    | Reached skill level 10 in Fighting
 10961 | IceCv    | Found the +0 sword of Power
 10965 | IceCv    | Got a steaming wooden ring
 11608 | Lair:1   | Identified the ring "Wiwup" {Ice *Slow rElec rN+} (You found it in an ice cave)
 11942 | Lair:2   | Reached XP level 13. HP: 114/114 MP: 21/21
 12026 | Lair:2   | Reached skill level 11 in Invocations
 12065 | Lair:2   | Found a staircase to the Swamp.
 12071 | Lair:2   | Reached ****** piety under Beogh
 12430 | Lair:2   | Reached skill level 11 in Fighting
 12739 | Lair:3   | Found a hole to the Spider Nest.
 13001 | Lair:3   | Noticed Fannar
 13019 | Lair:3   | Killed Fannar
 13493 | Lair:4   | Reached skill level 14 in Armour
 13675 | Lair:4   | Reached skill level 12 in Invocations
 13724 | Lair:4   | Reached skill level 12 in Fighting
 15048 | Lair:6   | Entered Level 6 of the Lair of Beasts
 15048 | Lair:6   | Found a staircase to the Slime Pits.
 15076 | Lair:6   | Reached XP level 14. HP: 118/127 MP: 21/23
 15279 | Lair:6   | Reached skill level 15 in Armour
 15320 | Lair:6   | Reached skill level 13 in Fighting
 15555 | Lair:6   | Reached skill level 17 in Axes
 16019 | Lair:6   | Your ally Bogmar died
 16137 | Lair:6   | Your ally Argrim died
 16486 | D:10     | Entered Level 10 of the Dungeon
 16820 | D:10     | Found Donudot's Food Boutique.
 17295 | D:11     | Gained Beowulf as an ally
 17544 | D:11     | Reached skill level 14 in Fighting
 18147 | D:12     | Noticed Rupert
 18155 | D:12     | Killed Rupert
 18248 | D:12     | Gained Herok as an ally
 18414 | D:12     | Your ally Herok died
 18425 | D:12     | Reached skill level 16 in Armour
 18498 | D:12     | Reached skill level 18 in Axes
 18738 | D:12     | Reached XP level 15. HP: 138/139 MP: 24/24
 18748 | D:12     | Found a staircase to the Orcish Mines.
 18960 | Orc:1    | Entered Level 1 of the Orcish Mines
 19257 | Orc:2    | Entered Level 2 of the Orcish Mines
 19290 | Orc:2    | Found a staircase to the Elven Halls.
 19493 | Orc:1    | Found Biosief's Jewellery Shop.
 20034 | Orc:2    | Reached skill level 15 in Fighting
 20043 | Orc:2    | Found Taoggoco's Magic Scroll Emporium.
 20043 | Orc:2    | Found Gesachel's General Store.
 20049 | Orc:2    | Found Zyrheoba's Gadget Boutique.
 20049 | Orc:2    | Found Kyank's Armour Emporium.
 20073 | Orc:2    | Bought the +3 crown of Dyrovepreva {rElec Int+2 SInv} for 538 gold pieces
 20073 | Orc:2    | Found the +3 crown of Dyrovepreva {rElec Int+2 SInv}
 20651 | D:13     | Found Nysm's Gadget Emporium.
 20910 | D:13     | Gained Korbok as an ally
 20917 | D:13     | Reached skill level 19 in Axes
 21160 | D:13     | Found a gate to the Vaults.
 22119 | D:14     | Reached skill level 16 in Fighting
 22629 | D:15     | Entered Level 15 of the Dungeon
 22651 | D:15     | Reached skill level 20 in Axes
 22713 | D:15     | Reached skill level 1 in Evocations
 22735 | D:15     | Reached skill level 2 in Evocations
 22744 | D:15     | Gained Bolgrim as an ally
 22756 | D:15     | Reached skill level 3 in Evocations
 22765 | D:15     | Your ally Bolgrim died
 22806 | D:15     | Reached skill level 4 in Evocations
 22806 | D:15     | Reached XP level 16. HP: 140/151 MP: 25/25
 22887 | D:15     | Found a staircase to the Depths.
 22939 | D:15     | Reached skill level 5 in Evocations
 23451 | Spider:1 | Entered Level 1 of the Spider Nest
 23523 | Spider:1 | Reached skill level 6 in Evocations
 23665 | Lair:3   | Gained Jorge as an ally
 23730 | Spider:1 | Reached skill level 7 in Evocations
 24062 | Spider:1 | Reached skill level 8 in Evocations
 24304 | Spider:1 | Reached skill level 9 in Evocations
 24716 | Spider:1 | Upgraded the game from 0.22-a0-3-g4fa69d9 to 0.22-a0-21-g9421e3f
 24722 | Spider:2 | Gained Wargath as an ally
 25176 | Spider:2 | Reached skill level 13 in Invocations
 25238 | Spider:2 | Reached skill level 10 in Evocations
 26716 | Orc:2    | Bought an uncursed ring of flight for 210 gold pieces
 27171 | Spider:2 | Reached skill level 14 in Invocations
 27171 | Spider:2 | Reached XP level 17. HP: 158/158 MP: 27/27
 27720 | Spider:3 | Gained Berold as an ally
 27726 | Spider:3 | Your ally Berold died
 27909 | Spider:3 | Reached skill level 11 in Evocations
 28314 | Spider:3 | Reached skill level 15 in Invocations
 28318 | Spider:3 | Gained Borgun as an ally
 28611 | Swamp:1  | Entered Level 1 of the Swamp
 28896 | Swamp:1  | Reached skill level 12 in Evocations
 29073 | Swamp:1  | Gained Bogwik as an ally
 29452 | Swamp:2  | Reached skill level 16 in Invocations
 29566 | Swamp:2  | Reached skill level 1 in Throwing
 29571 | Swamp:2  | Your ally Bogwik died
 29672 | Swamp:2  | Gained Thorok as an ally
 29796 | Swamp:2  | Reached skill level 2 in Throwing
 29912 | Swamp:2  | Gained Ognian as an ally
 30094 | Swamp:3  | Reached skill level 3 in Throwing
 30227 | Swamp:3  | Noticed a tentacled monstrosity
 30238 | Swamp:3  | Killed a tentacled monstrosity
 30291 | Swamp:3  | Reached skill level 4 in Throwing
 31224 | Spider:4 | Entered Level 4 of the Spider Nest
 31252 | Spider:3 | Reached XP level 18. HP: 141/168 MP: 1/30
 31419 | Spider:4 | Reached skill level 17 in Fighting
 31477 | Spider:4 | Reached skill level 5 in Throwing
 31480 | Spider:4 | Your ally Borgun died
 31493 | Spider:4 | Gained Morguth as an ally
 31820 | Spider:4 | Learned a level 2 spell: Blink
 31867 | Spider:4 | Reached skill level 6 in Throwing
 31878 | Spider:4 | HP: 51/170 [poisoned by an emperor scorpion]
 31883 | Spider:4 | HP: 47/170 [poisoned by an emperor scorpion]
 31888 | Spider:4 | HP: 46/170 [poisoned by an emperor scorpion]
 31893 | Spider:4 | HP: 45/170 [poisoned by an emperor scorpion]
 31898 | Spider:4 | HP: 46/170 [poisoned by an emperor scorpion]
 31903 | Spider:4 | HP: 47/170 [poisoned by an emperor scorpion]
 31909 | Spider:4 | HP: 49/170 [poisoned by an emperor scorpion]
 32717 | Spider:4 | Reached skill level 7 in Throwing
 32998 | Spider:4 | Reached skill level 18 in Fighting
 33109 | Spider:4 | Got a gossamer rune of Zot
 33740 | D:7      | Identified the Collected Works on Quantum Summoning
 33744 | D:7      | Learned a level 1 spell: Apportation
 34074 | Swamp:4  | Entered Level 4 of the Swamp
 34278 | Swamp:4  | Gained Agrik as an ally
 34278 | Swamp:4  | Reached skill level 8 in Throwing
 35079 | Swamp:4  | Your ally Agrik died
 35126 | Swamp:4  | HP: 51/173 [thorn hunter (9)]
 35129 | Swamp:4  | Reached skill level 9 in Throwing
 35378 | Swamp:4  | Reached XP level 19. HP: 171/181 MP: 31/31
 35581 | Swamp:4  | Got a decaying rune of Zot
 35611 | Swamp:4  | Reached skill level 19 in Fighting
 36045 | Vaults:1 | Entered Level 1 of the Vaults
 36315 | Vaults:1 | Gained Beowulf as an ally
 36321 | Vaults:1 | Your ally Beowulf died
 36323 | Vaults:1 | Gained Boruk as an ally
 36383 | Vaults:1 | Found Niry's General Store.
 36464 | Vaults:1 | Reached skill level 10 in Throwing
 36667 | Vaults:1 | Your ally Boruk died
 37063 | Vaults:1 | Gained Wulfoc as an ally
 37207 | Vaults:1 | Reached skill level 20 in Fighting
 37580 | Vaults:2 | Reached skill level 17 in Armour
 37648 | Vaults:2 | Your ally Wulfoc died
 37654 | Vaults:2 | Identified the Compendium of the Voyage
 37829 | Vaults:2 | Gained Thorok as an ally
 37829 | Vaults:2 | Gained Warbeogh as an ally
 37996 | Vaults:2 | Gained Herok as an ally
 38004 | Vaults:2 | Gained Borgoth as an ally
 38184 | Vaults:2 | Reached XP level 20. HP: 193/193 MP: 32/32
 38187 | Vaults:2 | Reached skill level 18 in Armour
 38564 | Vaults:2 | Identified the Grimoire of the Twelve Allies
 39237 | Vaults:3 | Noticed Bai Suzhen
 39247 | Vaults:3 | Killed Bai Suzhen
 39247 | Vaults:3 | Reached skill level 19 in Armour
 39415 | Vaults:3 | Noticed Asterion
 39427 | Vaults:3 | Your ally Borgoth died
 39434 | Vaults:3 | Gained Ugrim as an ally
 39449 | Vaults:3 | Your ally Ugrim died
 39458 | Vaults:3 | Your ally Warbeogh died
 39462 | Vaults:3 | Your ally Thorok died
 39475 | Vaults:3 | HP: 56/193 [??? (54)]
 39479 | Vaults:3 | Your ally Herok died
 39480 | Vaults:3 | HP: 22/193 [phantasmal warrior[a curse skull] (20)]
 39485 | Vaults:3 | Killed Asterion
 39497 | Vaults:3 | HP: 43/193 [flying skull (3)]
 39502 | Vaults:3 | HP: 43/193 [flying skull (3)]
 39780 | Vaults:3 | Found a staircase to the Crypt.
 40623 | Vaults:3 | HP: 52/193 [deep troll (illusionary)[an ironheart preserver] (22)]
 40624 | Vaults:3 | Gained Gorg as an ally
 40900 | Vaults:3 | Reached skill level 20 in Armour
 41779 | Vaults:3 | Your ally Gorg died
 42573 | Vaults:4 | Reached skill level 21 in Armour
 42618 | Vaults:4 | Reached XP level 21. HP: 201/201 MP: 33/33
 42667 | Vaults:4 | Found Ciwaivuja's Book Shop.
 42796 | Vaults:4 | Gained Worak as an ally
 43203 | Vaults:4 | Your ally Worak died
 43464 | Vaults:4 | Your ally Morguth died
 43646 | Vaults:4 | Reached skill level 22 in Armour
 43659 | Vaults:4 | Reached skill level 1 in Dodging
 44441 | Crypt:1  | Entered Level 1 of the Crypt
 44747 | Vaults:3 | HP: 47/201 [ghoul (15)]
 44759 | Vaults:3 | Reached skill level 2 in Dodging
 45326 | Crypt:1  | HP: 55/201 [??? (43)]
 45899 | Crypt:1  | HP: 49/201 [??? (38)]
 45904 | Crypt:1  | HP: 31/201 [??? (22)]
 46095 | Crypt:1  | HP: 48/201 [??? (36)]
 46100 | Crypt:1  | HP: 21/201 [??? (14)]
 46105 | Crypt:1  | HP: 22/301 [vampire[a curse skull] (7)]
 46106 | Crypt:1  | Reached skill level 3 in Dodging
 46632 | Crypt:1  | Found a runed door.
 46826 | Crypt:1  | Noticed an ancient lich
 46844 | Crypt:1  | HP: 49/202 [ancient lich/bolt of fire (32)]
 46844 | Crypt:1  | HP: 24/202 [Ice Fiend[an ancient lich] (20)]
 46846 | Crypt:1  | Killed an ancient lich
 46846 | Crypt:1  | Reached skill level 4 in Dodging
 47450 | Crypt:2  | Gained Herok as an ally
 47487 | Crypt:2  | Reached skill level 5 in Dodging
 47633 | Crypt:2  | Found a transporter.
 48094 | Crypt:2  | Your ally Herok died
 48102 | Crypt:2  | Reached skill level 21 in Fighting
 48139 | Crypt:2  | Reached XP level 22. HP: 125/213 MP: 34/34
 48274 | Crypt:2  | Found a transporter.
 48287 | Crypt:2  | Got a glittering sapphire amulet
 48466 | Crypt:2  | Identified the amulet of Fysm {RegenMP rN+ Int+5 Stlth+} (You found it on level 2 of the Crypt)
 49079 | Elf:1    | Entered Level 1 of the Elven Halls
 49098 | Elf:1    | Reached skill level 6 in Dodging
 49607 | Elf:1    | Noticed Kirke
 49628 | Elf:1    | Killed Kirke
 50309 | Elf:1    | Noticed Nattefrost's ghost (adept DrVM)
 50405 | Elf:1    | Killed Nattefrost's ghost
 50405 | Elf:1    | HP: 53/213 [orc high priest/divine providence (14)]
 50412 | Elf:1    | HP: 50/213 [deep elf knight/stone arrow (13)]
 50444 | Elf:1    | HP: 55/213 [redback[a deep elf mage] (10)]
 50657 | Elf:1    | Reached skill level 7 in Dodging
 51054 | Elf:2    | Found an ancient bone altar of Kikubaaqudgha.
 51158 | Elf:2    | Found a huge runed gate.
 51158 | Elf:2    | Found a huge runed gate.
 51159 | Elf:2    | Found a huge runed gate.
 51160 | Elf:2    | Found a huge runed gate.
 51171 | Elf:2    | Found a huge runed gate.
 51870 | Elf:2    | Reached skill level 8 in Dodging
 51912 | Elf:2    | Reached skill level 22 in Fighting
 52057 | Elf:2    | Gained Dorog as an ally
 52762 | Elf:3    | Entered Level 3 of the Elven Halls
 53147 | Elf:3    | Noticed Mara
 53162 | Elf:3    | Noticed Gorice's illusion
 53177 | Elf:3    | Your ally Dorog died
 53215 | Elf:2    | Killed Mara
 53438 | Elf:3    | Reached skill level 9 in Dodging
 53494 | Elf:3    | Got a wavering ivory ring
 53785 | Elf:3    | Gained Arkwar as an ally
 53837 | Elf:3    | Got a heavily runed brass ring
 53858 | Elf:3    | Your ally Arkwar died
 53942 | Elf:3    | Reached skill level 17 in Invocations
 54372 | Elf:3    | Got a scintillating amber ring
 54518 | Elf:3    | Reached XP level 23. HP: 223/223 MP: 35/35
 54580 | Elf:3    | Identified The Advanced Guide to Spellcraft
 54637 | Elf:3    | Identified the +0 cloak "Urof" {rC- rCorr Str+8 Dex-4} (You found it on level 3 of the Elven Halls)
 54643 | Elf:3    | Identified the ring of Zeatulle {rPois rC+ MP+9} (You took it off a deep elf archer on level 3 of the Elven Halls)
 54644 | Elf:3    | Identified the ring "Dodegg Jomogh" {rPois rF+ rC+ MR+ SInv} (You took it off a deep elf archer on level 3 of the Elven Halls)
 54647 | Elf:3    | Identified the ring of Cenybopp {+Blink rElec Stlth-} (You took it off a deep elf death mage on level 3 of the Elven Halls)
 54723 | Elf:3    | Got a slimy tin amulet
 54726 | Elf:3    | Identified the amulet of Ecrof {Regen+ Str+4} (You took it off a deep elf high priest on level 3 of the Elven Halls)
 54774 | Elf:3    | Learned a level 1 spell: Summon Butterflies
 54786 | Elf:3    | Identified a +1 pair of boots of running (You found it on level 3 of the Elven Halls)
 55389 | Depths:1 | Entered Level 1 of the Depths
 55677 | Depths:1 | Reached skill level 10 in Dodging
 55972 | Depths:1 | Found a one-way gate leading to the halls of Pandemonium.
 56051 | Depths:1 | Found a gateway to Hell.
 56462 | Depths:2 | Noticed Lavandula's ghost (journeyman DENe)
 56502 | Depths:2 | HP: 56/223 [Lavandula's ghost/vampiric draining (33)]
 56505 | Depths:2 | Killed Lavandula's ghost
 56505 | Depths:2 | Reached skill level 18 in Invocations
 56885 | Depths:2 | Paralysed by an orc sorcerer for 7 turns
 57219 | Depths:2 | Found a runed door.
 57409 | Depths:2 | Noticed a caustic shrike
 57435 | Depths:2 | Killed a caustic shrike
 57610 | Depths:2 | Reached skill level 11 in Dodging
 57879 | Depths:2 | Reached skill level 19 in Invocations
 58070 | Depths:2 | Gained Geork as an ally
 58100 | Depths:2 | Gained Okrist as an ally
 58154 | Depths:2 | Your ally Okrist died
 58154 | Depths:2 | Your ally Geork died
 58686 | Depths:3 | Noticed Mennas
 58731 | Depths:1 | HP: 58/223 [Mennas/sacred scourge of holy wrath (10)]
 58733 | Depths:1 | HP: 21/223 [shadow dragon/bolt of negative energy (38)]
 58736 | Depths:1 | Your ally Korbok died
 58740 | Depths:1 | Your ally Bogmar died
 58746 | Depths:1 | Killed Mennas
 58746 | Depths:1 | Gained Bogbarth as an ally
 59459 | Depths:3 | Noticed Boris
 59464 | Depths:2 | Gained Beowulf as an ally
 59476 | Depths:2 | Your ally Beowulf died
 59534 | Depths:2 | Reached skill level 12 in Dodging
 59594 | Depths:2 | Killed Boris
 59594 | Depths:2 | Reached skill level 20 in Invocations
 59594 | Depths:2 | Reached XP level 24. HP: 109/231 MP: 36/37
 59912 | Depths:3 | Reached skill level 1 in Summonings
 59925 | Depths:2 | Reached skill level 1 in Translocations
 60080 | Depths:3 | Reached skill level 2 in Summonings
 60088 | Depths:3 | Noticed a caustic shrike
 60101 | Depths:3 | Reached skill level 1 in Spellcasting
 60102 | Depths:3 | Reached skill level 2 in Translocations
 60106 | Depths:3 | Killed a caustic shrike
 60106 | Depths:3 | Gained Ugrim as an ally
 60121 | Depths:3 | Reached skill level 3 in Summonings
 60558 | Depths:3 | Your ally Ugrim died
 60644 | Depths:3 | Reached skill level 3 in Translocations
 60753 | Depths:3 | Gained mutation: Your body sometimes deteriorates upon taking damage. [mutagenic glow]
 60754 | Depths:3 | Identified the Reference Book on Floating Ice
 61036 | Depths:4 | Reached skill level 2 in Spellcasting
 61036 | Depths:4 | Reached skill level 4 in Summonings
 61150 | Depths:4 | Reached skill level 4 in Translocations
 61160 | Depths:4 | Reached skill level 5 in Summonings
 61207 | Depths:4 | Found a magical portal.
 61214 | WizLab   | Entered Zonguldrok's Shrine
 61304 | WizLab   | Gained Ortolf as an ally
 61453 | WizLab   | Your ally Ortolf died
 61535 | WizLab   | Noticed an antique lich
 61551 | WizLab   | Killed an antique lich
 61584 | WizLab   | Found the +9 sword of Zonguldrok {reap}
 61666 | WizLab   | Reached skill level 3 in Spellcasting
 61703 | Depths:4 | Noticed Aizul
 61715 | Depths:4 | Reached skill level 6 in Summonings
 61715 | Depths:4 | Reached skill level 5 in Translocations
 61717 | Depths:4 | Killed Aizul
 61907 | Depths:4 | HP: 44/231 [??? (41)]
 61912 | Depths:4 | HP: 43/231 [tormentor (4)]
 61918 | Depths:4 | HP: 39/231 [orange demon (6)]
 61957 | Depths:4 | Gained Argrim as an ally
 62296 | Depths:4 | Your ally Argrim died
 62325 | Depths:4 | Reached skill level 7 in Summonings
 62465 | Depths:4 | Reached skill level 6 in Translocations
 63396 | Depths:4 | Reached skill level 4 in Spellcasting
 63431 | Depths:4 | Reached skill level 8 in Summonings
 63458 | Depths:4 | Noticed Sojobo
 63733 | Depths:4 | Gained Orkwin as an ally
 63745 | Depths:4 | Killed Sojobo
 63745 | Depths:4 | Reached skill level 7 in Translocations
 63745 | Depths:4 | Reached XP level 25. HP: 238/238 MP: 37/37
 63795 | Depths:4 | Your ally Orkwin died
 63811 | Depths:4 | Got a coiled steel ring
 63815 | Depths:4 | Identified the ring of Sloth {rF+ Dex+3} (You took it off a yaktaur on level 4 of the Depths)
 63836 | Depths:4 | Noticed a juggernaut
 63850 | Depths:4 | Killed a juggernaut
 64009 | Depths:4 | Reached skill level 9 in Summonings
 64432 | Depths:4 | Gained Bogrim as an ally
 64447 | Depths:4 | Your ally Bogrim died
 64471 | Depths:4 | Reached skill level 8 in Translocations
 64511 | Depths:4 | Reached skill level 5 in Spellcasting
 64835 | Depths:5 | Entered Level 5 of the Depths
 64872 | Depths:5 | Reached skill level 10 in Summonings
 64958 | Depths:5 | Found a one-way gate to the infinite horrors of the Abyss.
 65196 | Depths:5 | Reached skill level 9 in Translocations
 65586 | Depths:5 | Reached skill level 6 in Spellcasting
 65628 | Depths:5 | Reached skill level 11 in Summonings
 65840 | Depths:5 | Found a gate to the Realm of Zot.
 65878 | Depths:5 | Reached skill level 10 in Translocations
 66075 | Depths:5 | Found a shattered altar of Ashenzari.
 66358 | Depths:5 | Found a gateway to a ziggurat.
 67294 | Vaults:5 | Entered Level 5 of the Vaults
 67325 | Vaults:4 | Reached XP level 26. HP: 246/246 MP: 37/37
 67355 | Vaults:4 | Gained Bogbrand as an ally
 67359 | Vaults:4 | Reached skill level 7 in Spellcasting
 67362 | Vaults:4 | Reached skill level 11 in Translocations
 67391 | Vaults:4 | Gained Orkwin as an ally
 67498 | Vaults:5 | Your ally Orkwin died
 67519 | Vaults:4 | HP: 52/246 [deep elf annihilator/iron shot (67)]
 67760 | Vaults:5 | Your ally Bogbrand died
 67791 | Vaults:5 | Reached skill level 8 in Spellcasting
 67808 | Vaults:5 | HP: 72/246 [necromancer/bolt of cold (14)]
 67812 | Vaults:5 | HP: 16/246 [titan/the air (33)]
 67817 | Vaults:4 | HP: 53/246 [wolf spider (5)]
 68182 | Vaults:4 | Reached skill level 21 in Invocations
 68453 | Vaults:5 | Gained Bogric as an ally
 68604 | Vaults:5 | Your ally Bogric died
 68697 | Vaults:5 | Gained Learuk as an ally
 68710 | Vaults:5 | Reached skill level 22 in Invocations
 68790 | Vaults:5 | Your ally Learuk died
 68822 | Vaults:5 | Gained Ogrik as an ally
 68883 | Vaults:5 | Identified the Papyrus of the Ninety-Nine Places
 68890 | Vaults:5 | Learned a level 2 spell: Swiftness
 68912 | Vaults:5 | Identified Pulel's Papyrus of the Mutagenic Glacier
 68998 | Vaults:5 | Found the +7 longbow "Piercer" {penet, EV-2}
 69001 | Vaults:5 | Got a sparkling brass ring
 69002 | Vaults:5 | Identified the Tome of Malediction and Heat
 69011 | Vaults:5 | Identified the ring "Dutur" {rF+ Str-5 Dex+4} (You found it on level 5 of the Vaults)
 69040 | Vaults:5 | Reached skill level 1 in Charms
 69170 | Vaults:5 | Reached skill level 2 in Charms
 69211 | Vaults:5 | Got a silver rune of Zot
 69276 | Vaults:5 | Noticed an ancient lich
 69292 | Vaults:5 | Reached skill level 3 in Charms
 69305 | Vaults:5 | Killed an ancient lich
 69551 | Vaults:5 | Reached skill level 4 in Charms
 69572 | Vaults:5 | Reached XP level 27. HP: 232/256 MP: 38/38
 69586 | Vaults:5 | Found Ighime Linn's Armour Shoppe.
 69653 | Vaults:5 | Found Erist's Antique Armour Shop.
 69977 | Vaults:5 | Found the amulet of the Air {Inacc +Fly rElec EV+5 RMsl}
 69994 | Vaults:5 | Identified Archikaq's Guide on Supportive Ice
 70014 | Vaults:5 | Got a fine copper amulet
 70019 | Vaults:5 | Identified the amulet "Cixiuvae" {Reflect *Slow rF+ rC+ SH+2} (You found it on level 5 of the Vaults)
 70450 | Lair:1   | Learned a level 3 spell: Spectral Weapon
 70457 | Lair:1   | Learned a level 3 spell: Regeneration
 70457 | Lair:1   | Upgraded the game from 0.22-a0-21-g9421e3f to 0.22-a0-32-ga749362
 70539 | Slime:1  | Entered Level 1 of the Pits of Slime
 70605 | Slime:2  | Reached skill level 23 in Invocations
 70613 | Slime:2  | Reached skill level 1 in Hexes
 70613 | Slime:2  | Reached skill level 5 in Charms
 70624 | Slime:2  | Reached skill level 2 in Hexes
 70708 | Slime:3  | Gained Morun as an ally
 70726 | Slime:4  | Your ally Morun died
 70732 | Slime:4  | Gained Arkwar as an ally
 70733 | Slime:4  | Reached skill level 3 in Hexes
 70734 | Slime:4  | Your ally Arkwar died
 70746 | Slime:4  | Gained Wargath as an ally
 70751 | Slime:4  | Gained Hawl as an ally
 70752 | Slime:4  | Your ally Hawl died
 70773 | Slime:3  | Reached skill level 4 in Hexes
 70875 | Slime:4  | Reached skill level 5 in Hexes
 70875 | Slime:4  | Reached skill level 6 in Charms
 70894 | Slime:5  | Entered Level 5 of the Pits of Slime
 70934 | Slime:5  | Your ally Wargath died
 70980 | Slime:5  | Reached skill level 6 in Hexes
 71185 | Slime:5  | Reached skill level 7 in Hexes
 71368 | Slime:5  | Reached skill level 7 in Charms
 71616 | Slime:5  | Noticed the Royal Jelly
 71630 | Slime:5  | Found a viscous altar of Jiyva.
 71642 | Slime:5  | Killed the Royal Jelly
 71642 | Slime:5  | Reached skill level 8 in Hexes
 71705 | Slime:5  | Got a scintillating wooden ring
 71713 | Slime:5  | Identified Sif Muna's Handbook of the Frigorific Birds
 71732 | Slime:5  | Identified the ring "Oroul" {rCorr rElec} (You found it on level 5 of the Pits of Slime)
 71770 | Slime:5  | Got a slimy rune of Zot
 72083 | Lair:1   | Got a pair of twisted boots
 72094 | Lair:1   | Identified the -4 pair of boots of Xooxinac {rF- rN+ MR+} (You acquired it on level 1 of the Lair of Beasts)
 72105 | Lair:1   | Got a scorched tin ring
 72106 | Lair:1   | Identified the ring "Dify" {rPois Int+4 Stlth+} (You acquired it on level 1 of the Lair of Beasts)
 72456 | Zot:1    | Entered Level 1 of the Realm of Zot
 73334 | Zot:1    | Reached skill level 9 in Hexes
 73339 | Zot:1    | Reached skill level 8 in Charms
 74044 | Zot:2    | Reached skill level 10 in Hexes
 74045 | Zot:2    | Reached skill level 9 in Charms
 74321 | Zot:2    | Reached skill level 10 in Charms
 75395 | Zot:2    | Reached skill level 21 in Axes
 76431 | Zot:4    | Found a transporter.
 76547 | Zot:4    | Reached skill level 22 in Axes
 76948 | Zot:4    | Reached skill level 23 in Axes
 76962 | Zot:4    | HP: 53/256 [??? (51)]
 76965 | Zot:4    | HP: 17/256 [deathcap/drain life[a curse toe] (12)]
 77448 | Zot:4    | Noticed an orb of fire
 77452 | Zot:4    | Gained mutation: Armour fits poorly on your strangely shaped body. [an orb of fire]
 77466 | Zot:4    | Killed an orb of fire
 77652 | Zot:5    | Entered Level 5 of the Realm of Zot
 78047 | Zot:5    | Reached skill level 24 in Axes
 78148 | Zot:5    | Noticed an ancient lich
 78160 | Zot:5    | Killed an ancient lich
 78382 | Zot:5    | Reached skill level 25 in Axes
 78545 | Zot:5    | Noticed an ancient lich
 78559 | Zot:5    | Noticed an orb of fire
 78561 | Zot:5    | Gained mutation: You are dopey. (Int -2) [an orb of fire]
 78562 | Zot:5    | Gained mutation: You tend to lose your temper in combat. [an orb of fire]
 78567 | Zot:5    | Gained mutation: You are frail. (-10% HP) [an orb of fire]
 78577 | Zot:5    | Gained mutation: Your spells are a little easier to cast, but a little less powerful. [an orb of fire]
 78579 | Zot:5    | Gained mutation: You expend magic power (3 MP) to strengthen your wands. [an orb of fire]
 78591 | Zot:5    | Killed an orb of fire
 78684 | Zot:5    | Lost mutation: You tend to lose your temper in combat. [potion of mutation]
 78684 | Zot:5    | Lost mutation: Armour fits poorly on your strangely shaped body. [potion of mutation]
 78684 | Zot:5    | Lost mutation: Your body sometimes deteriorates upon taking damage. [potion of mutation]
 78684 | Zot:5    | Lost mutation: Your spells are a little easier to cast, but a little less powerful. [potion of mutation]
 78684 | Zot:5    | Gained mutation: Your natural rate of healing is unusually fast. [potion of mutation]
 78684 | Zot:5    | Gained mutation: You evolve. [potion of mutation]
 78790 | Zot:5    | Noticed an orb of fire
 78799 | Zot:5    | Killed an orb of fire
 78817 | Zot:5    | Reached skill level 26 in Axes
 78870 | Zot:5    | Reached skill level 24 in Invocations
 78920 | Zot:5    | Got the Orb of Zot
 78936 | Zot:5    | Noticed an orb of fire
 78936 | Zot:5    | Noticed an orb of fire
 78945 | Zot:5    | Gained mutation: You are weak. (Str -2) [an orb of fire]
 78949 | Zot:5    | Gained mutation: Armour fits poorly on your strangely shaped body. [an orb of fire]
 78950 | Zot:5    | Gained mutation: You are very dopey. (Int -4) [an orb of fire]
 78950 | Zot:5    | Gained mutation: You are very weak. (Str -4) [an orb of fire]
 78987 | Zot:5    | Noticed Mustrafewn the pandemonium lord
 79002 | Zot:5    | Killed Mustrafewn the pandemonium lord
 79004 | Zot:5    | HP: 51/230 [Hell Sentinel/damnation[Mustrafewn] (26)]
 79023 | Zot:5    | HP: 49/230 [Orb Guardian (21)]
 79389 | Depths:2 | Reached skill level 25 in Invocations
 79552 | D:13     | Noticed Cowkys the pandemonium lord
 79664 | D:10     | Noticed Erukh the pandemonium lord
 79687 | D:10     | Killed Erukh the pandemonium lord
 79702 | D:10     | Noticed Tuocrow the pandemonium lord
 79722 | D:10     | Noticed Vuoz the pandemonium lord
 79730 | D:10     | Paralysed by a floating eye for 2 turns
 79778 | D:8      | Noticed Hopsuase the pandemonium lord
 79790 | D:8      | HP: 48/230 [Hopsuase the pandemonium lord/great icy blast (66)]
 79792 | D:8      | HP: 12/230 [Hopsuase the pandemonium lord/great icy blast (34)]
 79792 | D:8      | Your ally Herok died
 79792 | D:8      | Your ally Wargath died
 79792 | D:8      | Killed from afar by Hopsuase the pandemonium lord

Vault maps used:
D:1:      tarquinn_simple_flora_water_b, hangedman_abyss_or_decor_lesser_grid,
          bh_walls_and_bars
D:2:      lemuel_coloured_pillars_altar, nicolae_overflow_crystal_walls,
          zin_statuary, uniq_natasha, uniq_robin
D:3:      nicolae_ru_path_of_blood
D:4:      nemelex_xobeh_ov_fountains_minmay, serial_co_window_serial,
          co_window_paths_a, co_window_paths_a, co_window_paths_b,
          co_window_corner_a, co_window_corner_a, co_window_corner_b,
          co_window_of_opportunity_b, co_window_broadway_a, co_window_corner_ca,
          co_window_2corner, co_window_paths_e, co_window_4corner_b,
          glass_columns_a, glass_columns_a, glass_columns_a, glass_columns_a,
          glass_columns_a, first_ration, nicolae_elemental_shop
D:5:      lemuel_doored_altar, minmay_temple_entry_nine_rooms,
          kennysheep_another_room, grunt_ministairs_15, st_stairs_8,
          uniq_duvessa, uniq_sigmund
D:6:      nicolae_overflow_hidden_temple, serial_shops,
          nicolae_shop_temple_entry_statues_fountains
D:7:      lemuel_ice_statue, tgw_trog, eat_drink_and_be_merry_uskayaw,
          elyvilon_altar_3, enter_bailey_2, grunt_livestock
D:8:      nicolae_qazlal_general_emergency, old_standard_altar,
          minmay_guarded_unrand_finisher
D:9:      okawaru_metal_pillars_1_2, david_lair_shrubbed, dk_rats_in_the_wall
D:10:     serial_shops, shop_fountains
D:12:     erik_orc_1, uniq_rupert
D:13:     lightli_vaults_fourway_checkpoint, serial_shops,
          nicolae_shop_waterfront
D:14:     serial_bayou_shore_a, kennysheep_two_boxes
D:15:     grunt_enter_depths_giant_problem
Temple:   compressed_dpeg_triangle_lava_temple
Lair:1:   portal_ice_cave_entry_imps, enter_volcano_2, lemuel_fruit_tree
Lair:2:   swamp_mist_pool
Lair:3:   spider_nest_entry_a, grunt_forest_small_clearings,
          serial_bayou_pond_d, uniq_fannar
Lair:4:   cheibrodos_lair_river_kwai
Lair:5:   minmay_lair_drake_nest
Lair:6:   evilmike_catoblepas_cave, minmay_slime_entry_oklob_open
Swamp:1:  evilmike_swamp_ruin_house_5
Swamp:2:  serial_swamp_ruin, evilmike_swamp_ruin_house_3,
          hangedman_swamp_ruin_wall, swamp_pool3
Swamp:3:  hangedman_swamp_lotus
Swamp:4:  swamp_basic_johnstein, swamp_pool1, nicolae_swamp_baby_hydras
Spider:2: spiders_nest_scorpion_pit, nicolae_orb_island
Spider:4: grunt_spider_rune_circles, nicolae_spider_cling_ruins
Slime:1:  cheibrodos_slime_lost_civilization_3
Slime:3:  nicolae_slime_round_cave
Orc:1:    serial_shops, shop
Orc:2:    grunt_orc_tribal_feast
Elf:1:    elf_arrival_001, orc_legates, minivault_16,
          serial_sigils_hangedman_stare, uniq_kirke
Elf:2:    basic_altar
Elf:3:    grunt_elf_hall_diamonds, minmay_misc_feat_rows, glass_columns_a,
          nicolae_elf_big_sculpture_2, uniq_mara
Vaults:1: serial_ice_h, v_rooms_5, nicolae_vaults_border_crossing,
          hangedman_vaults_river_flow, vaults_room_hallway,
          dpeg_vaults_monster_box, ontoclasm_vaults_chip,
          nicolae_vaults_rhombus_5, v_misc_13, v_misc_3, vaults_room_grid,
          v_misc_14, serial_shops, nicolae_shop_temple_entry_statues_fountains
Vaults:2: ontoclasm_vaults_claustrophobia, vaults_dpeg_ring,
          vaults_room_corners, hangedman_vaults_stream,
          nicolae_vaults_big_angled_halls, nicolae_vaults_little_squares_6,
          nicolae_vaults_network_periphery, hangedman_vaults_locks, v_misc_1,
          hangedman_vaults_snaps, v_alt_pattern_1, st_more_cells,
          nicolae_vaults_little_squares_4, ontoclasm_vaults_loading_screen,
          serial_hangedman_research, hangedman_research_quantum,
          hangedman_research_electronics
Vaults:3: nicolae_vaults_specimen_jars, ontoclasm_vaults_hangar, v_misc_24,
          hangedman_vaults_impose, grunt_vaults_trifunnel, v_alt_pattern_4,
          nicolae_vaults_back_hallway, vaults_mumra_minichess,
          vaults_room_door_ring, v_rooms_5,
          nicolae_vaults_windows_and_doors_thing, ontoclasm_vaults_chip,
          ontoclasm_vaults_chip, minmay_crypt_entry_simple_statues,
          uniq_asterion, uniq_bai_suzhen
Vaults:4: ontoclasm_vaults_fault, hangedman_vaults_nails, v_rooms_3, v_misc_12,
          ontoclasm_vaults_shuriken, st_lines, ontoclasm_vaults_bender,
          nicolae_vaults_little_squares_2, v_misc_3, v_misc_28,
          vaults_room_corners, serial_shops, nicolae_shop_statue_plus
Crypt:1:  cheibrodos_crypt_cold_storage, uniq_margery
Crypt:2:  gammafunk_the_bubble, serial_glass, glass_columns_c, glass_columns_b,
          glass_columns_b, glass_columns_a, glass_columns_c, glass_columns_c,
          glass_columns_b, glass_columns_b
Depths:1: grunt_mini_vestibule, grunt_decor_resistance, pan_entry,
          grunt_decor_fettered, due_unseen_surprise
Depths:2: box_level_dp, hell_entry
Depths:3: gammafunk_mikee_crab_dinner, pan_entry, minmay_staircase_bubble,
          hell_entry, kennysheep_random_hallway, uniq_mennas, uniq_aizul,
          uniq_boris
Depths:4: kennysheep_large_vault, grunt_pan_entry_spiral,
          infiniplex_enter_wizlab_glasses, hangedman_coc_ice_floe,
          solitary_fountain, marbit_kobold_abyss_entry,
          serial_sigils_hangedman_leer, st_stairs_3, infiniplex_staircase_river,
          uniq_sojobo
Depths:5: grunt_x_marks_the_spot, enter_ziggurat_e, abyss_entry,
          evilmike_ruin_ashenzari, hell_entry, minmay_misc_feat_hallway,
          hangedman_abyss_or_decor_stabs
Zot:2:    infiniplex_zot_generator, hangedman_zot_decor_tridents
Zot:4:    gammafunk_sealed_arena
Zot:5:    hangedman_zot_decor_scrapings
Bailey:   bailey_polearm_1, bailey
IceCv:    ice_cave_caverns_01
WizLab:   wizlab_zonguldrok

Skill      XL: |  1  2  3  4  5  6  7  8  9 10 11 12 13 14 15 16 17 18 19 20 21 22 23 24 25 26 27 |
---------------+----------------------------------------------------------------------------------+-----
Axes           | 3 4 5 6 8 9 11 14 16 18 20 26 | 26.0
Armour         | 4 5 6 7 9 10 12 13 14 16 17 21 22 | 22.0
Invocations    | 2 7 10 12 14 16 17 20 22 25 | 25.3
Fighting       | 4 8 10 12 14 16 18 20 21 22 | 22.8
Evocations     | 4 10 12 | 12.0
Throwing       | 4 9 10 | 10.0
Dodging        | 5 9 12 | 12.0
Summonings     | 8 11 | 11.0
Translocations | 7 10 11 | 11.0
Spellcasting   | 4 6 8 |  8.0
Charms         | 4 10 | 10.0
Hexes          | 10 | 10.0
Stealth        | |  0.2
Shields        | |  3.2

Action                   |  1- 3 |  4- 6 |  7- 9 | 10-12 | 13-15 | 16-18 | 19-21 | 22-24 | 25-27 || total
-------------------------+-------+-------+-------+-------+-------+-------+-------+-------+-------++-------
Melee: War axe           |    50 |   133 |   402 |   915 |       |       |       |       |       ||  1500
       Mace              |       |       |       |     9 |    22 |       |       |       |       ||    31
       Battleaxe         |       |       |       |    25 |   970 |  1399 |  1576 |  2121 |  2884 ||  8975
       Whip              |       |       |       |       |    25 |   153 |    27 |       |       ||   205
       Unarmed           |       |       |       |       |       |       |       |     3 |       ||     3
       Executioner's axe |       |       |       |       |       |       |       |       |    25 ||    25
 Fire: Hunting sling     |       |       |    47 |       |       |       |       |       |       ||    47
Throw: Tomahawk          |       |     6 |     4 |     9 |    18 |    33 |     2 |       |       ||    72
       Javelin           |       |       |       |       |       |       |       |       |     1 ||     1
 Cast: Blink             |       |       |       |       |       |       |       |       |     8 ||     8
       Summon Butterflie |       |       |       |       |       |       |       |       |     2 ||     2
       Apportation       |       |       |       |       |       |       |       |       |     1 ||     1
Invok: Convert to Beogh  |       |     1 |       |       |       |       |       |       |       ||     1
       Smiting           |       |       |       |     1 |     2 |     5 |     4 |    24 |    24 ||    60
       Recall Orcish Fol |       |       |       |     1 |     6 |     4 |     1 |     2 |     1 ||    15
       Resurrection      |       |       |       |       |     1 |       |       |       |       ||     1
       Stop Recall       |       |       |       |       |       |     1 |     1 |       |       ||     2
 Abil: Evoke Flight      |       |       |       |       |       |     1 |       |       |       ||     1
Evoke: Wand              |       |       |       |       |     2 |    11 |     1 |     1 |     3 ||    18
       Phantom mirror    |       |       |       |       |       |       |       |       |     1 ||     1
  Use: Scroll            |     2 |     2 |    12 |    12 |     4 |     8 |     5 |    12 |    37 ||    94
       Potion            |     1 |       |     4 |     2 |     3 |     2 |     5 |     7 |    13 ||    37
 Stab: Invisible         |       |       |     1 |     3 |       |       |       |     1 |       ||     5
       Distracted        |       |       |       |     3 |     8 |     7 |     5 |    11 |     7 ||    41
       Petrified         |       |       |       |       |     1 |       |       |       |       ||     1
       Paralysed         |       |       |       |       |       |    11 |       |     2 |       ||    13
       Confused          |       |       |       |       |       |       |       |     2 |       ||     2
       Petrifying        |       |       |       |       |       |       |       |     1 |       ||     1
  Eat: Chunk             |       |     4 |    18 |    17 |    33 |    25 |    21 |    35 |    29 ||   182
       Ration            |       |       |       |     1 |     1 |     4 |     6 |     5 |    11 ||    28
Armor: Scale mail        |     9 |       |       |       |       |       |       |       |       ||     9
       Chain mail        |    25 |    71 |   266 |    30 |       |       |       |       |       ||   392
       Crystal plate arm |       |       |       |   770 |   895 |  1920 |  1318 |  1805 |  2745 ||  9453
       Skin              |       |       |       |       |       |       |       |     1 |       ||     1
Dodge: Dodged            |    11 |    27 |   109 |   185 |   238 |   430 |   369 |   945 |  1427 ||  3741
Block: Shield            |    30 |    51 |    59 |       |       |       |       |       |       ||   140
       Buckler           |       |       |    41 |    52 |       |       |       |       |       ||    93

Table legend:
 A = Spawn XP
 B = Non-spawn XP
 C = Spawn XP percentage of total XP
 D = Spawn monster count
 E = Non-spawn monster count
 F = Spawn count percentage of total count
 G = Total turns spent on level
                    A         B        C        D         E        F      G
               +---------+---------+-------+---------+---------+-------+---------
         Total |       0 | 1671133 |   0.0 |       0 |    2561 |   0.0 | 79792
               +---------+---------+-------+---------+---------+-------+---------
           D:1 |       0 |      38 |   0.0 |       0 |      16 |   0.0 |   938
           D:2 |       0 |     213 |   0.0 |       0 |      30 |   0.0 |   750
           D:3 |       0 |      87 |   0.0 |       0 |      20 |   0.0 |   848
           D:4 |       0 |     620 |   0.0 |       0 |      17 |   0.0 |  1118
           D:5 |       0 |    1056 |   0.0 |       0 |      18 |   0.0 |  1136
           D:6 |       0 |     868 |   0.0 |       0 |      16 |   0.0 |   574
           D:7 |       0 |    3189 |   0.0 |       0 |      43 |   0.0 |  1363
           D:8 |       0 |    3775 |   0.0 |       0 |      37 |   0.0 |  1526
           D:9 |       0 |    2871 |   0.0 |       0 |      32 |   0.0 |  3494
          D:10 |       0 |    2566 |   0.0 |       0 |      24 |   0.0 |  2003
          D:11 |       0 |    3633 |   0.0 |       0 |      25 |   0.0 |  1109
          D:12 |       0 |    8892 |   0.0 |       0 |      28 |   0.0 |  1482
          D:13 |       0 |   14805 |   0.0 |       0 |      52 |   0.0 |  1398
          D:14 |       0 |   12325 |   0.0 |       0 |      36 |   0.0 |   874
          D:15 |       0 |   11222 |   0.0 |       0 |      28 |   0.0 |  1043
        Lair:1 |       0 |    4943 |   0.0 |       0 |      34 |   0.0 |  1918
        Lair:2 |       0 |    3368 |   0.0 |       0 |      14 |   0.0 |  1048
        Lair:3 |       0 |    4301 |   0.0 |       0 |      15 |   0.0 |  1177
        Lair:4 |       0 |    8076 |   0.0 |       0 |      25 |   0.0 |   886
        Lair:5 |       0 |    5613 |   0.0 |       0 |      18 |   0.0 |   745
        Lair:6 |       0 |   19809 |   0.0 |       0 |      53 |   0.0 |  1276
       Swamp:1 |       0 |   13898 |   0.0 |       0 |      46 |   0.0 |   953
       Swamp:2 |       0 |   12343 |   0.0 |       0 |      33 |   0.0 |   642
       Swamp:3 |       0 |   12853 |   0.0 |       0 |      30 |   0.0 |  1019
       Swamp:4 |       0 |   35759 |   0.0 |       0 |      60 |   0.0 |  1652
      Spider:1 |       0 |   21400 |   0.0 |       0 |      70 |   0.0 |  1239
      Spider:2 |       0 |   27399 |   0.0 |       0 |      69 |   0.0 |  2059
      Spider:3 |       0 |   24603 |   0.0 |       0 |      61 |   0.0 |  1393
      Spider:4 |       0 |   40346 |   0.0 |       0 |      78 |   0.0 |  1731
       Slime:1 |       0 |    2998 |   0.0 |       0 |      11 |   0.0 |    95
       Slime:2 |       0 |    9218 |   0.0 |       0 |       8 |   0.0 |   110
       Slime:3 |       0 |    9733 |   0.0 |       0 |      18 |   0.0 |   127
       Slime:4 |       0 |   13872 |   0.0 |       0 |      25 |   0.0 |   227
       Slime:5 |       0 |   51242 |   0.0 |       0 |      53 |   0.0 |   827
         Orc:1 |       0 |    2189 |   0.0 |       0 |      26 |   0.0 |   884
         Orc:2 |       0 |    5596 |   0.0 |       0 |      22 |   0.0 |   666
         Elf:1 |       0 |   32346 |   0.0 |       0 |      49 |   0.0 |  1991
         Elf:2 |       0 |   40199 |   0.0 |       0 |      43 |   0.0 |  1419
         Elf:3 |       0 |   39087 |   0.0 |       0 |      38 |   0.0 |  1919
      Vaults:1 |       0 |   51065 |   0.0 |       0 |     102 |   0.0 |  1935
      Vaults:2 |       0 |   50649 |   0.0 |       0 |     105 |   0.0 |  1841
      Vaults:3 |       0 |   56211 |   0.0 |       0 |      73 |   0.0 |  3316
      Vaults:4 |       0 |  108918 |   0.0 |       0 |     128 |   0.0 |  2777
      Vaults:5 |       0 |  118226 |   0.0 |       0 |     108 |   0.0 |  1808
       Crypt:1 |       0 |   31136 |   0.0 |       0 |      37 |   0.0 |  1995
       Crypt:2 |       0 |   27413 |   0.0 |       0 |      45 |   0.0 |  1257
      Depths:1 |       0 |   35302 |   0.0 |       0 |      35 |   0.0 |  1488
      Depths:2 |       0 |   93025 |   0.0 |       0 |     111 |   0.0 |  2882
      Depths:3 |       0 |   28483 |   0.0 |       0 |      35 |   0.0 |  1339
      Depths:4 |       0 |  132916 |   0.0 |       0 |     129 |   0.0 |  2920
      Depths:5 |       0 |   88330 |   0.0 |       0 |      76 |   0.0 |  1940
         Zot:1 |       0 |   17692 |   0.0 |       0 |      11 |   0.0 |   902
         Zot:2 |       0 |   80834 |   0.0 |       0 |      59 |   0.0 |  1743
         Zot:3 |       0 |   15086 |   0.0 |       0 |       9 |   0.0 |   740
         Zot:4 |       0 |   54776 |   0.0 |       0 |      28 |   0.0 |  1280
         Zot:5 |       0 |  141966 |   0.0 |       0 |      51 |   0.0 |  1436
        Bailey |       0 |     109 |   0.0 |       0 |       7 |   0.0 |   524
         IceCv |       0 |   14215 |   0.0 |       0 |      55 |   0.0 |  1360
        WizLab |       0 |   17430 |   0.0 |       0 |      36 |   0.0 |   461
               +---------+---------+-------+---------+---------+-------+---------

Table legend:
 A = Turns spent in this place as a percentage of turns spent in the entire game.
 B = Non-inter-level travel turns spent in this place as a percentage of non-inter-level travel turns spent in the entire game.
 C = Inter-level travel turns spent in this place as a percentage of turns spent in this place.
 D = Turns resting spent in this place as a percentage of non-inter-level travel turns spent in this place.
 E = Turns spent auto-exploring this place as a percentage of non-inter-level travel turns spent in this place.
 F = Non-inter-level travel turns spent in this place divided by the number of levels of this place that you've seen.
                   A       B       C       D       E      F
               +-------+-------+-------+-------+-------+----------------------
         Total | 100.0 | 100.0 |  14.8 |  17.8 |  33.0 | 1132.9
       Dungeon |  24.6 |  19.4 |  33.1 |   9.5 |  49.6 | 877.1
        Temple |   0.2 |   0.2 |  10.6 |   0.0 |  98.2 | 169.0
          Lair |   8.8 |   8.6 |  16.7 |   7.4 |  51.1 | 979.3
         Swamp |   5.3 |   5.8 |   7.1 |  17.6 |  41.6 | 990.5
   Spider Nest |   8.0 |   8.8 |   6.7 |  24.9 |  24.9 | 1497.8
    Slime Pits |   1.7 |   1.9 |   6.6 |  26.1 |   2.6 | 259.0
  Orcish Mines |   1.9 |   1.7 |  24.1 |  22.7 |  38.6 | 588.0
   Elven Halls |   6.7 |   7.4 |   5.8 |  20.9 |  30.1 | 1674.0
        Vaults |  14.6 |  15.4 |  10.1 |  24.1 |  17.3 | 2098.4
         Crypt |   4.1 |   4.6 |   4.6 |  30.5 |  30.1 | 1551.5
        Depths |  13.2 |  14.1 |   9.3 |  20.0 |  28.7 | 1918.0
           Zot |   7.6 |   8.5 |   5.0 |  13.8 |  32.1 | 1159.6
        Bailey |   0.7 |   0.8 |   0.0 |  31.1 |   8.0 | 524.0
      Ice Cave |   1.7 |   2.0 |   0.0 |  18.6 |   9.0 | 1360.0
        Wizlab |   0.6 |   0.7 |   0.0 |   0.0 |   7.2 | 461.0
               +-------+-------+-------+-------+-------+----------------------

Vault maps used:
D:1:      tarquinn_simple_flora_water_b, hangedman_abyss_or_decor_lesser_grid,
          bh_walls_and_bars
D:2:      lemuel_coloured_pillars_altar, nicolae_overflow_crystal_walls,
          zin_statuary, uniq_natasha, uniq_robin
D:3:      nicolae_ru_path_of_blood
D:4:      nemelex_xobeh_ov_fountains_minmay, serial_co_window_serial,
          co_window_paths_a, co_window_paths_a, co_window_paths_b,
          co_window_corner_a, co_window_corner_a, co_window_corner_b,
          co_window_of_opportunity_b, co_window_broadway_a, co_window_corner_ca,
          co_window_2corner, co_window_paths_e, co_window_4corner_b,
          glass_columns_a, glass_columns_a, glass_columns_a, glass_columns_a,
          glass_columns_a, first_ration, nicolae_elemental_shop
D:5:      lemuel_doored_altar, minmay_temple_entry_nine_rooms,
          kennysheep_another_room, grunt_ministairs_15, st_stairs_8,
          uniq_duvessa, uniq_sigmund
D:6:      nicolae_overflow_hidden_temple, serial_shops,
          nicolae_shop_temple_entry_statues_fountains
D:7:      lemuel_ice_statue, tgw_trog, eat_drink_and_be_merry_uskayaw,
          elyvilon_altar_3, enter_bailey_2, grunt_livestock
D:8:      nicolae_qazlal_general_emergency, old_standard_altar,
          minmay_guarded_unrand_finisher
D:9:      okawaru_metal_pillars_1_2, david_lair_shrubbed, dk_rats_in_the_wall
D:10:     serial_shops, shop_fountains
D:12:     erik_orc_1, uniq_rupert
D:13:     lightli_vaults_fourway_checkpoint, serial_shops,
          nicolae_shop_waterfront
D:14:     serial_bayou_shore_a, kennysheep_two_boxes
D:15:     grunt_enter_depths_giant_problem
Temple:   compressed_dpeg_triangle_lava_temple
Lair:1:   portal_ice_cave_entry_imps, enter_volcano_2, lemuel_fruit_tree
Lair:2:   swamp_mist_pool
Lair:3:   spider_nest_entry_a, grunt_forest_small_clearings,
          serial_bayou_pond_d, uniq_fannar
Lair:4:   cheibrodos_lair_river_kwai
Lair:5:   minmay_lair_drake_nest
Lair:6:   evilmike_catoblepas_cave, minmay_slime_entry_oklob_open
Swamp:1:  evilmike_swamp_ruin_house_5
Swamp:2:  serial_swamp_ruin, evilmike_swamp_ruin_house_3,
          hangedman_swamp_ruin_wall, swamp_pool3
Swamp:3:  hangedman_swamp_lotus
Swamp:4:  swamp_basic_johnstein, swamp_pool1, nicolae_swamp_baby_hydras
Spider:2: spiders_nest_scorpion_pit, nicolae_orb_island
Spider:4: grunt_spider_rune_circles, nicolae_spider_cling_ruins
Slime:1:  cheibrodos_slime_lost_civilization_3
Slime:3:  nicolae_slime_round_cave
Orc:1:    serial_shops, shop
Orc:2:    grunt_orc_tribal_feast
Elf:1:    elf_arrival_001, orc_legates, minivault_16,
          serial_sigils_hangedman_stare, uniq_kirke
Elf:2:    basic_altar
Elf:3:    grunt_elf_hall_diamonds, minmay_misc_feat_rows, glass_columns_a,
          nicolae_elf_big_sculpture_2, uniq_mara
Vaults:1: serial_ice_h, v_rooms_5, nicolae_vaults_border_crossing,
          hangedman_vaults_river_flow, vaults_room_hallway,
          dpeg_vaults_monster_box, ontoclasm_vaults_chip,
          nicolae_vaults_rhombus_5, v_misc_13, v_misc_3, vaults_room_grid,
          v_misc_14, serial_shops, nicolae_shop_temple_entry_statues_fountains
Vaults:2: ontoclasm_vaults_claustrophobia, vaults_dpeg_ring,
          vaults_room_corners, hangedman_vaults_stream,
          nicolae_vaults_big_angled_halls, nicolae_vaults_little_squares_6,
          nicolae_vaults_network_periphery, hangedman_vaults_locks, v_misc_1,
          hangedman_vaults_snaps, v_alt_pattern_1, st_more_cells,
          nicolae_vaults_little_squares_4, ontoclasm_vaults_loading_screen,
          serial_hangedman_research, hangedman_research_quantum,
          hangedman_research_electronics
Vaults:3: nicolae_vaults_specimen_jars, ontoclasm_vaults_hangar, v_misc_24,
          hangedman_vaults_impose, grunt_vaults_trifunnel, v_alt_pattern_4,
          nicolae_vaults_back_hallway, vaults_mumra_minichess,
          vaults_room_door_ring, v_rooms_5,
          nicolae_vaults_windows_and_doors_thing, ontoclasm_vaults_chip,
          ontoclasm_vaults_chip, minmay_crypt_entry_simple_statues,
          uniq_asterion, uniq_bai_suzhen
Vaults:4: ontoclasm_vaults_fault, hangedman_vaults_nails, v_rooms_3, v_misc_12,
          ontoclasm_vaults_shuriken, st_lines, ontoclasm_vaults_bender,
          nicolae_vaults_little_squares_2, v_misc_3, v_misc_28,
          vaults_room_corners, serial_shops, nicolae_shop_statue_plus
Crypt:1:  cheibrodos_crypt_cold_storage, uniq_margery
Crypt:2:  gammafunk_the_bubble, serial_glass, glass_columns_c, glass_columns_b,
          glass_columns_b, glass_columns_a, glass_columns_c, glass_columns_c,
          glass_columns_b, glass_columns_b
Depths:1: grunt_mini_vestibule, grunt_decor_resistance, pan_entry,
          grunt_decor_fettered, due_unseen_surprise
Depths:2: box_level_dp, hell_entry
Depths:3: gammafunk_mikee_crab_dinner, pan_entry, minmay_staircase_bubble,
          hell_entry, kennysheep_random_hallway, uniq_mennas, uniq_aizul,
          uniq_boris
Depths:4: kennysheep_large_vault, grunt_pan_entry_spiral,
          infiniplex_enter_wizlab_glasses, hangedman_coc_ice_floe,
          solitary_fountain, marbit_kobold_abyss_entry,
          serial_sigils_hangedman_leer, st_stairs_3, infiniplex_staircase_river,
          uniq_sojobo
Depths:5: grunt_x_marks_the_spot, enter_ziggurat_e, abyss_entry,
          evilmike_ruin_ashenzari, hell_entry, minmay_misc_feat_hallway,
          hangedman_abyss_or_decor_stabs
Zot:2:    infiniplex_zot_generator, hangedman_zot_decor_tridents
Zot:4:    gammafunk_sealed_arena
Zot:5:    hangedman_zot_decor_scrapings
Bailey:   bailey_polearm_1, bailey
IceCv:    ice_cave_caverns_01
WizLab:   wizlab_zonguldrok
